 Dungeon Crawl Stone Soup version 0.21.1-1-g345015fe64 (webtiles) character file.

1139 Kohma the Grave Robber (level 8, 0/52 HPs)
             Began as a Mummy Necromancer on June 8, 2018.
             Slain by a slave (2 damage)
             ... led by Pikel
             ... on level 6 of the Dungeon.
             The game lasted 00:40:35 (6325 turns).

Kohma the Grave Robber (Mummy Necromancer)          Turns: 6325, Time: 00:40:36

Health: 0/52       AC:  8    Str: 11    XL:     8   Next: 14%
Magic:  16/16      EV: 13    Int: 19    God:
Gold:   347        SH:  0    Dex: 12    Spells: 4/18 levels left

rFire    x . .     SeeInvis .   g - +4 quarterstaff (chaos)
rCold    + . .     Gourm    .   (shield currently unavailable)
rNeg     + + +     Faith    .   a - +2 robe
rPois    ∞         Spirit   .   (no helmet)
rElec    .         Reflect  .   h - +2 cloak
rCorr    .         Harm     .   q - +0 pair of gloves
MR       +....                  (no boots)
Stlth    ++........             d - amulet of magic regeneration
HPRegen  0.17/turn              o - +2 ring of intelligence
MPRegen  0.40/turn              (no ring)

@: no status effects
A: no food or potions, fire vulnerability, cold resistance 1, negative energy
resistance 3, torment resistance, unbreathing
a: no special abilities


You were on level 6 of the Dungeon.
You were not hungry.

You visited 1 branch of the dungeon, and saw 6 of its levels.

You collected 347 gold pieces.

Inventory:

Hand Weapons
 g - a +4 quarterstaff of chaos (weapon)
Missiles
 j - 106 stones (quivered)
 n - 82 arrows
 t - 78 bolts
Armour
 a - a +2 robe (worn)
 h - a +2 cloak (worn)
 q - a +0 pair of gloves (worn)
Jewellery
 d - an amulet of magic regeneration (around neck)
 l - an uncursed ring of poison resistance
 m - an uncursed amulet of harm
 o - a +2 ring of intelligence (left hand)
Wands
 k - a wand of enslavement (15)
Scrolls
 c - a scroll of remove curse
 f - a scroll of fog
 p - a scroll of blinking
Books
 b - a book of Necromancy

   Spells                             Type                      Level
   a - Pain                           Necromancy                   1
   b - Animate Skeleton               Necromancy                   1
   c - Vampiric Draining              Necromancy                   3
   d - Regeneration                   Charms/Necromancy            3
   e - Animate Dead                   Necromancy                   4
   f - Borgnjor's Vile Clutch         Necromancy/Earth             5


   Skills:
 - Level 0.5 Staves
 + Level 3.8 Dodging
 + Level 4.1 Stealth
 + Level 5.7 Spellcasting
 * Level 7.3 Necromancy


You had 4 spell levels left.
You knew the following spells:

 Your Spells              Type           Power        Failure   Level  Hunger
a - Pain                  Necr           ####         1%          1    N/A
b - Animate Skeleton      Necr           N/A          1%          1    N/A
c - Vampiric Draining     Necr           ####......   1%          3    N/A
d - Animate Dead          Necr           N/A          5%          4    N/A
e - Borgnjor's Vile Clut  Necr/Erth      ###.......   56%         5    N/A

Dungeon Overview and Level Annotations

Branches:
Dungeon (6/15)
 Temple: D:4-7

Altars:
Dithmenos
Hepliaklqana
Makhleb
Nemelex Xobeh
Qazlal
Wu Jian
Yredelemnul

Annotations:
D:3 1 runed door
D:6 Pikel


Innate Abilities, Weirdness & Mutations

You do not eat or drink.
Your flesh is vulnerable to fire.
You are immune to poison.
Your flesh is cold resistant. (rC+)
You are immune to negative energy. (rN+++)
You are immune to unholy pain and torment.
You can survive without breathing.


Message History

The bolt of electricity hits you!
* * * LOW HITPOINT WARNING * * *
The bolt of electricity hits your centaur skeleton.
The slave hits your centaur skeleton!
You swap places.
Your centaur skeleton hits the jackal but does no damage.
The jackal bites your centaur skeleton.
The electric eel shoots out a bolt of lightning at you!
The bolt of electricity hits you!
* * * LOW HITPOINT WARNING * * *
The slave misses you.
Your centaur skeleton hits the jackal but does no damage.
The jackal bites your centaur skeleton.
Pikel hits your centaur skeleton with a whip of flaming.
Pikel burns your centaur skeleton.
Your centaur skeleton is destroyed!
You miss the slave. The slave hits you.
* * * LOW HITPOINT WARNING * * *
The slave hits you.
You die...

#...:.......#.#≈≈♣♣
#.."............≈≈≈
#........%.####≈≈≈.
##########.# ##≈≈≈≈ #
#....##.###..≈♣ ≈≈♣ #
#............≈♣ ≈≈≈♣ #
#.........##.≈♣♣♣≈≈≈♣
#
#.........##.≈≈≈≈≈.≈≈
#
#.........##p@≈..≈≈.≈
#
#....##....ph≈≈≈≈≈≈≈≈
+
...........##.≈♣♣♣≈.≈♣
###########.###;≈♣ .≈♣
# #....Kh≈♣ ♣
#.h##ph≈≈≈
....#..h..≈≈.
....#..........
.....#........##


You could see Pikel, 3 slaves, an electric eel and 4 jackals.

Vanquished Creatures
  The ghost of test1 the Carver, an amateur MiFi (D:4)
  A necrophage (D:6)
  A centaur (D:6)
  A centaur zombie (D:6)
  3 orc priests
  3 orc wizards (D:4)
  3 hounds (D:4)
  Crazy Yiuf (D:2)
  2 iguanas (D:4)
  Ijyb (D:3)
  Natasha (thrice) (D:4)
  2 worker ants
  3 gnolls (D:5)
  7 adders
  A shadow imp (D:5)
  An ooze (D:1)
  2 adder skeletons (D:4)
  3 worms
  2 dart slugs (D:1)
  3 leopard geckos
  14 orcs
  A ball python (D:3)
  7 bats
  5 giant cockroaches
  4 hobgoblins
  3 jackals (D:1)
  A quokka (D:4)
  5 frilled lizards
  5 goblins
  A jackal zombie (D:3)
  3 kobolds (D:2)
  5 rats
98 creatures vanquished.

Vanquished Creatures (collateral kills)
  A scorpion (D:5)
  A centaur zombie (D:5)
  A gnoll (D:5)
  An adder (D:5)
  A worm (D:2)
  A dart slug (D:1)
  A leopard gecko (D:4)
  2 orcs (D:3)
  2 giant cockroaches
  A goblin (D:1)
  2 hobgoblins
  A jackal (D:1)
  2 frilled lizards
  2 kobolds
  A rat (D:2)
20 creatures vanquished.

Vanquished Creatures (others)
  5 plants (D:4)
5 creatures vanquished.

Grand Total: 123 creatures vanquished

Notes
Turn   | Place    | Note
-------+----------+-------------------------------------------
     0 | D:1      | Kohma the Mummy Necromancer began the quest for the Orb.
     0 | D:1      | Reached XP level 1. HP: 13/13 MP: 4/4
     2 | D:1      | Learned a level 1 spell: Animate Skeleton
   394 | D:1      | Reached XP level 2. HP: 19/19 MP: 5/5
   935 | D:1      | Reached XP level 3. HP: 18/24 MP: 1/7
   998 | D:1      | Learned a level 3 spell: Vampiric Draining
  2223 | D:2      | Reached XP level 4. HP: 29/30 MP: 7/9
  2229 | D:2      | Learned a level 4 spell: Animate Dead
  2608 | D:2      | Found a runed door.
  2612 | D:2      | Noticed Crazy Yiuf
  2618 | D:2      | Killed Crazy Yiuf
  2800 | D:3      | Reached skill level 5 in Necromancy
  2904 | D:3      | Noticed Ijyb
  2924 | D:3      | Killed Ijyb
  2924 | D:3      | Reached XP level 5. HP: 28/35 MP: 5/10
  3262 | D:3      | Found an ornate altar of the Wu Jian Council.
  3262 | D:3      | Found a sparkling altar of Nemelex Xobeh.
  3263 | D:3      | Found a hazy altar of Hepliaklqana.
  3276 | D:3      | Found a shadowy altar of Dithmenos.
  3277 | D:3      | Found a basalt altar of Yredelemnul.
  3549 | D:3      | Noticed a human
  3550 | D:3      | Found a runed door.
  3560 | D:3      | Found a basalt altar of Yredelemnul.
  4116 | D:5      | Entered Level 5 of the Dungeon
  4242 | D:4      | Reached XP level 6. HP: 40/41 MP: 6/12
  4258 | D:4      | Found Zasijygeusk's Magic Scroll Emporium.
  4270 | D:4      | Noticed Natasha
  4285 | D:4      | Killed Natasha
  4290 | D:4      | Noticed Natasha
  4301 | D:4      | Killed Natasha
  4334 | D:4      | Noticed Natasha
  4340 | D:4      | Killed Natasha
  4404 | D:4      | Reached skill level 6 in Necromancy
  4670 | D:4      | Reached XP level 7. HP: 33/46 MP: 9/14
  4687 | D:4      | Noticed test1's ghost (amateur MiFi)
  4700 | D:4      | Killed test1's ghost
  4700 | D:4      | Reached skill level 5 in Spellcasting
  4880 | D:4      | Learned a level 5 spell: Borgnjor's Vile Clutch
  5818 | D:5      | Found a stormy altar of Qazlal.
  5998 | D:5      | Found a burning altar of Makhleb.
  6044 | D:5      | Reached skill level 7 in Necromancy
  6245 | D:6      | Reached XP level 8. HP: 50/52 MP: 16/16
  6319 | D:6      | Noticed Pikel
  6324 | D:6      | HP: 2/52 [slave[Pikel] (3)]
  6325 | D:6      | Slain by a slave

Skill      XL: |  1  2  3  4  5  6  7 |
---------------+----------------------+-----
Spellcasting   | 3 4 5 |  5.7
Stealth        | 2 3 4 |  4.1
Dodging        | 2 3 |  3.8
Necromancy     | 5 6 7 |  7.3
Staves         | |  0.5

Action                   |  1- 3 |  4- 6 |  7- 9 || total
-------------------------+-------+-------+-------++-------
Melee: Dagger            |    55 |    19 |       ||    74
       Quarterstaff      |       |    39 |    48 ||    87
 Fire: Hand crossbow     |       |     1 |       ||     1
 Cast: Pain              |    58 |    98 |    33 ||   189
       Animate Skeleton  |    11 |    19 |     7 ||    37
       Vampiric Draining |       |    13 |     3 ||    16
       Animate Dead      |       |       |     1 ||     1
  Use: Scroll            |       |    10 |     2 ||    12
Armor: Robe              |    14 |    20 |    24 ||    58
Dodge: Dodged            |    63 |    68 |    42 ||   173
